 Dungeon Crawl Stone Soup version 0.27-a0-898-g810843a28d (webtiles) character file.

Game seed: 9922122743713784627

62 gus3d the Sneak (level 4, 0/29 (31) HPs)
             Began as an Octopode Delver on Apr 5, 2021.
             Slain by a hell rat (1 damage)
             ... on level 6 of the Dungeon.
             The game lasted 00:01:59 (848 turns).

gus3d the Sneak (Octopode Delver)                    Turns: 848, Time: 00:02:01

HP:   0/29 (31)     AC:  1    Str: 12    XL:     4   Next: 8%
MP:   4/4           EV: 13    Int: 12    God:
Gold: 16            SH:  0    Dex: 13    Spells: 3/3 levels left

rFire    . . .     SeeInvis .   a - +0 hand axe
rCold    . . .     Faith    .   (no shield)
rNeg     . . .     Spirit   .   (helmet restricted)
rPois    .         Reflect  .   (no amulet)
rElec    .         Harm     .   (no ring)
rCorr    .         Rampage  .   (no ring)
Will     .....                  (no ring)
Stlth    +++++.....             (no ring)
HPRegen  0.09/turn              (no ring)
MPRegen  0.09/turn              (no ring)
                                (no ring)
                                (no ring)

@: drained
A: almost no armour, amphibious, 8 rings, camouflage 1, gelatinous body 1,
(nimble swimmer 1), tentacles
a: no special abilities


You were on level 6 of the Dungeon.
You visited 1 branch of the dungeon, and saw 3 of its levels.

You collected 16 gold pieces.

Inventory:

Hand Weapons
 a - a +0 hand axe (weapon)
Missiles
 g - 6 atropa-tipped darts (quivered)
Wands
 f - a wand of digging (3)
Scrolls
 b - a scroll of fog
 c - a scroll of magic mapping
 d - a scroll of fear
 h - a scroll of identify {unknown}
Potions
 e - a potion of haste


   Skills:
 + Level 3.3 Fighting
 + Level 2.5 Axes
 + Level 2.1 Dodging
 + Level 7.8 Stealth


You had 3 spell levels left.
You didn't know any spells.
Your spell library was empty.

Dungeon Overview and Level Annotations

Branches:
Dungeon (6/15)
 Temple: D:4-7

Altars:


Innate Abilities, Weirdness & Mutations

You cannot wear most types of armour.
You are amphibious.
You can wear up to eight rings at the same time.
Your skin changes colour to match your surroundings (Stealth+).
Your rubbery body absorbs attacks. (AC +1, EV +1)
((You are camouflaged near water. (Stealth+)))
You have tentacles for arms and can constrict up to eight enemies at once.


Message History

You constrict the hell rat, but do no damage.
The hell rat escapes!
You hit the hell rat. Your grab misses the hell rat.
The hell rat is lightly wounded.
The hell rat bites you. The hell rat barely misses you.
You see here a river rat skeleton.
You hit the hell rat but do no damage. You grab the hell rat.
The hell rat is lightly wounded.
You constrict the hell rat, but do no damage.
The hell rat bites you!
You hear a deafening roar!
Throw: 7 darts (atropa)
Press: ? - help, Q - select action Shift-Dir - straight line, f - hell rat
Aim: a hell rat (lightly wounded, constricted by you, 85% to hit, chance to blind on hit: 89%)
You throw an atropa-tipped dart.
The atropa-tipped dart hits the hell rat.
The hell rat appears confused.
The hell rat is lightly wounded.
You constrict the hell rat, but do no damage.
A hell rat comes into view.
The hell rat struggles to escape constriction.
You catch the helpless hell rat completely off-guard!
You hit the hell rat but do no damage.
You squeeze the hell rat, but do no damage.
The hell rat is lightly wounded.
You constrict the hell rat.
The hell rat seems less confused.
The hell rat bites you.
You feel drained.
You barely miss the hell rat.
The hell rat is moderately wounded.
You constrict the hell rat, but do no damage.
You hear a deafening roar!
The hell rat barely misses you. x2
You hit the hell rat.
The hell rat is severely wounded.
You constrict the hell rat, but do no damage.
The hell rat bites you!
* * * LOW HITPOINT WARNING * * *
You feel drained.
You die...

####.#...#.###
##...#.###.#..## ##.######
#####.## #.######.
.r.##.### ##..##...
#r..[##..##
###.##..#.r.rr####.#
##.##...r...# ##.##
#.##.#.#r#######.#.#
##†##...#@..##..####
#..###....÷..#######
#..###########.....#
####†##.......##.##.#
#...................# #
#...........#######.##.###
##.......#..# #.......
#.......#..# #.##.###
#.......#..# #....###


You could see 2 hell rats.

Vanquished Creatures
  A killer bee zombie (D:5)
  A howler monkey zombie (D:6)
  A river rat (D:6)
  An adder (D:5)
  An adder skeleton (D:5)
  A ball python (D:4)
  12 rats (D:6)
18 creatures vanquished.

Notes
Turn   | Place    | Note
-------+----------+-------------------------------------------
     0 | D:5      | gus3d the Octopode Delver began the quest for the Orb.
     0 | D:5      | Reached XP level 1. HP: 16/16 MP: 1/1
    19 | D:4      | Noticed a hound
    46 | D:5      | Reached skill level 7 in Stealth
    46 | D:5      | Reached XP level 2. HP: 14/21 MP: 2/2
   199 | D:5      | Reached XP level 3. HP: 15/26 MP: 3/3
   349 | D:5      | Noticed a scorpion
   547 | D:6      | Noticed a necrophage
   627 | D:6      | Reached XP level 4. HP: 9/31 MP: 4/4
   841 | D:6      | Found the +2 ratskin cloak {*Rats rPois rN+ Str-1 Int-1
                  | Dex+1}
   848 | D:6      | HP: 1/30 [hell rat (12)]
   848 | D:6      | Slain by a hell rat

Illustrated notes

Levels and vault maps discovered:
D:4:      layout_cave_pools, nicolae_ashenzari_skybound
D:5:      layout_rooms, lemuel_crystal_altar, minmay_temple_entry_mist,
          gup_sewer_entry_glass, kennysheep_doodads, st_stairs_13,
          grunt_decor_mini_mirrors, sigmund_edmund_badplayer
D:6:      wander_guarded_unrand_ratskin, layout_loops_ring,
          gammafunk_ghost_cemetery, minmay_misc_feat_tiny,
          minmay_tree_intersection

Skill      XL: |  1 |
---------------+----+-----
Stealth        | 7 |  7.8
Fighting       | |  3.3
Axes           | |  2.5
Dodging        | |  2.1

Action                   |  1- 3 |  4- 6 || total
-------------------------+-------+-------++-------
Melee: Hand axe          |    33 |     6 ||    39
       Tentacles         |     5 |     2 ||     7
       Constrict         |     5 |     2 ||     7
Throw: Dart              |       |     1 ||     1
 Stab: Sleeping          |     4 |     1 ||     5
       Invisible         |       |     1 ||     1
Armor: Skin              |     1 |       ||     1
Dodge: Dodged            |    19 |     3 ||    22

Table legend: (Time is in decaauts)
 A = Elapsed time spent in this place.
 B = Non-inter-level travel time spent in this place.
 C = Inter-level travel time spent in this place.
 D = Time resting spent in this place.
 E = Time spent auto-exploring this place.
 F = Levels seen in this place.
 G = Mean time per level.
                   A        B        C        D        E       F      G
               +--------+--------+--------+--------+--------+-----+--------+
         Total |    854 |    854 |      0 |    215 |    500 |   3 |  284.7 |
       Dungeon |    854 |    854 |      0 |    215 |    500 |   3 |  284.7 |
               +--------+--------+--------+--------+--------+-----+--------+

Top non-repeatable levels by time:
     D:6: 501 daAuts
     D:5: 336 daAuts
     D:4: 17 daAuts
